 Dungeon Crawl Stone Soup version 0.20.1-1-g8b1a95d (webtiles) character file.

10620 arttle the Basher (level 11, -4/101 (102) HPs)
             Began as a Minotaur Berserker on Oct 17, 2017.
             Was a High Priest of Trog.
             Slain by an orc warrior
             ... wielding a +0 dire flail
             ... summoned by an orange crystal statue
              (5 damage)
             ... while paralysed
             ... on level 1 of the Orcish Mines.
             The game lasted 01:34:47 (9211 turns).

arttle the Basher (Minotaur Berserker)              Turns: 9211, Time: 01:34:48

HP:   -4/101 (102)  AC: 16    Str: 22    XL:     11   Next: 38%
MP:   0/10          EV:  2    Int: -6 (4) God:    Trog [*****.]
Gold: 741           SH:  0    Dex: 13    Spells: 10/10 levels left

rFire    . . .     SeeInvis .   u - +2 flail (holy)
rCold    . . .     Gourm    .   (no shield)
rNeg     . . .     Faith    .   A - +0 plate armour
rPois    .         Spirit   .   (helmet restricted)
rElec    .         Reflect  .   (no cloak)
rCorr    .         Harm     .   S - +0 pair of gloves
MR       .....                  (no boots)
Stlth    ..........             (no amulet)
Regen    0.3/turn               (no ring)
MPRegen  0.2/turn               (no ring)

@: confused, paralysed, slowed, lost intelligence
A: retaliatory headbutt, horns 2
a: Berserk, Trog's Hand, Brothers in Arms, Burn Spellbooks, Renounce Religion


You were on level 1 of the Orcish Mines.
You worshipped Trog.
Trog was extremely pleased with you.
You were hungry.

You visited 3 branches of the dungeon, and saw 12 of its levels.

You collected 741 gold pieces.

Inventory:

Hand Weapons
 a - a +0 mace
 u - a +2 flail of holy wrath (weapon)
 x - a +0 mace of protection
 K - a +0 whip
 N - a +0 blowgun
Missiles
 C - 3 poisoned tomahawks (quivered)
 G - 5 needles of sleeping
 O - 12 poisoned needles
Armour
 m - a +0 pair of gloves
 t - a +0 chain mail
 A - a +0 plate armour (worn)
 S - a +0 pair of gloves (worn)
Jewellery
 f - an uncursed ring of ice
 s - an uncursed ring of magical power
 W - an uncursed ring of wizardry
Wands
 l - a wand of iceblast (5/15)
 w - a wand of polymorph (11/24)
 B - a wand of flame (1/48)
 J - a wand of acid (7/15)
 L - a wand of iceblast (6/15)
 U - a wand of paralysis (3/24)
Scrolls
 b - a scroll of recharging {unknown}
 e - a scroll of identify
 h - a scroll of enchant armour {unknown}
 k - 5 scrolls of remove curse
 n - 5 scrolls of teleportation {unknown}
 v - a scroll of enchant weapon {unknown}
 y - 2 scrolls of fog {unknown}
 z - 2 scrolls of immolation {unknown}
 P - a scroll of vulnerability {unknown}
 R - a scroll of magic mapping {unknown}
Potions
 g - a potion of magic
 i - 8 potions of flight
 o - 2 potions of curing {unknown}
 p - a potion of mutation
 q - 5 potions of brilliance
 D - 2 potions of haste
 F - a potion of agility {unknown}
 H - a potion of might
 I - a potion of degeneration {unknown}
 Q - a potion of berserk rage {unknown}
 X - a potion of ambrosia {unknown}
Comestibles
 c - 5 bread rations
 d - 7 royal jellies
 E - a fruit
 M - a meat ration


   Skills:
 * Level 11.0 Fighting
 - Level 12.0 Maces & Flails
 * Level 10.6 Armour
 * Level 10.0 Dodging


You had 10 spell levels left.
You didn't know any spells.

Dungeon Overview and Level Annotations

Branches:
Dungeon (10/15)            Temple (1/1) D:4             Orc (1/2) D:10
   Lair: D:8-11

Altars:
Ashenzari
Cheibriados
Dithmenos
Elyvilon
Fedhas
Gozag
Hepliaklqana
Kikubaaqudgha
Makhleb
Nemelex Xobeh
Okawaru
Qazlal
Ru
Sif Muna
Trog
Uskayaw
Vehumet
Xom
Yredelemnul
Zin
The Shining One

Shops:
D:5 !   D:6 (   Orc:1 *

Annotations:
Orc:1 1 runed door, exclusion: 4 orange crystal statues


Innate Abilities, Weirdness & Mutations

You reflexively headbutt those who attack you in melee.
You have a pair of horns on your head.


Message History

* * * LOW HITPOINT WARNING * * *
You writhe in agony.
* * * LOW HITPOINT WARNING * * *
The orc hits you but does no damage.
The ufetubus disappears in a puff of smoke!
The warg bites you but does no damage.
The orc hits you from afar with a trident.
* * * LOW HITPOINT WARNING * * *
The orc high priest hits you with a dire flail.
* * * LOW HITPOINT WARNING * * *
The troll bites you!
* * * LOW HITPOINT WARNING * * *
The troll claws you but does no damage. x2
The orc warrior hits you from afar with a halberd.
* * * LOW HITPOINT WARNING * * *
The orange crystal statue fixes its piercing gaze on you.
You feel your power leaking away.
The orange crystal statue fixes its piercing gaze on you.
The orc warrior hits you with a dire flail.
You die...

.............##
..............#
....>...........##
................#
................
#########.......#.#
#85.o.48#....#.##
#.#ooo#o#.#.########
#55oooo@#..####.##.##
+..3OoohT....#......#
#..5hoOh#........#.##
#.#55o#5#....#..####
#8..5..8#....####
...#########...###
........[))......##
......#รท#....)....#
.......#.....##..##


You could see 4 orange crystal statues, an orc high priest, a troll, a ynoxinul,
3 wargs, a red devil, 4 orc warriors, 2 ogres, 8 orcs and 8 ufetubi.

Vanquished Creatures
  Gastronok (D:10)
  The ghost of empire the Protected, a journeyman MiFi of Nemelex Xobeh (D:10)
  2 two-headed ogres
  An orc knight (Orc:1)
  Maurice (D:10)
  The ghost of Frank the Skirmisher, a novice OpFi of Gozag (D:4)
  2 trolls (Orc:1)
  A hippogriff (D:9)
  Sigmund (D:3)
  2 yaks (D:7)
  A human (D:7)
  2 hogs (D:7)
  A hungry ghost (D:8)
  Menkaure (D:5)
  2 wargs (Orc:1)
  2 sky beasts
  4 orc warriors
  A black bear (D:9)
  An ice beast (D:3)
  A necrophage (D:4)
  A phantom (D:7)
  8 ogres
  3 centaurs
  A big kobold (D:8)
  7 bullfrogs
  2 scorpions
  3 wights (D:9)
  A bullfrog zombie (D:9)
  4 crimson imps
  A centaur zombie (D:7)
  A gnoll shaman (D:7)
  2 jellies
  5 orc priests
  5 hounds
  15 orc wizards
  6 worker ants
  A worker ant zombie (D:9)
  Robin (D:2)
  11 gnolls
  8 adders
  4 shadow imps
  3 adder skeletons
  An adder zombie (D:7)
  5 worms
  3 dart slugs
  7 leopard geckos
  42 orcs
  A ball python (D:4)
  3 giant cockroaches
  14 goblins
  6 hobgoblins
  6 jackals
  11 kobolds
  A quokka (D:6)
  7 bats
  5 frilled lizards
  A jackal skeleton (D:7)
  A leopard gecko skeleton (D:5)
  4 rats
240 creatures vanquished.

Notes
Turn   | Place    | Note
-------+----------+-------------------------------------------
     0 | D:1      | arttle the Minotaur Berserker began the quest for the Orb.
     0 | D:1      | Reached XP level 1. HP: 19/19 MP: 0/0
   260 | D:1      | Reached skill level 4 in Maces & Flails
   437 | D:1      | Reached XP level 2. HP: 26/26 MP: 1/1
  1073 | D:2      | Reached skill level 5 in Maces & Flails
  1105 | D:2      | Reached XP level 3. HP: 25/31 MP: 2/2
  1202 | D:2      | Noticed Robin
  1210 | D:2      | Killed Robin
  1471 | D:2      | Reached ** piety under Trog
  1675 | D:3      | Noticed Sigmund
  1710 | D:3      | Reached skill level 6 in Maces & Flails
  1710 | D:3      | Reached XP level 4. HP: 36/39 MP: 3/3
  1724 | D:3      | Killed Sigmund
  1724 | D:3      | Reached skill level 7 in Maces & Flails
  1724 | D:3      | Reached XP level 5. HP: 18/45 MP: 4/4
  1728 | D:3      | Reached skill level 8 in Maces & Flails
  2080 | D:3      | Noticed an ice beast
  2089 | D:3      | Killed an ice beast
  2089 | D:3      | Reached XP level 6. HP: 51/51 MP: 5/5
  2560 | D:4      | Reached skill level 9 in Maces & Flails
  2631 | D:4      | Noticed Frank's ghost (novice OpFi)
  2645 | D:4      | Killed Frank's ghost
  2645 | D:4      | Reached skill level 10 in Maces & Flails
  2645 | D:4      | Reached XP level 7. HP: 57/57 MP: 6/6
  2762 | D:4      | Reached *** piety under Trog
  2897 | D:4      | Found a staircase to the Ecumenical Temple.
  2910 | Temple   | Entered the Ecumenical Temple
  3310 | D:5      | Entered Level 5 of the Dungeon
  3376 | D:4      | Reached skill level 11 in Maces & Flails
  3563 | D:5      | Reached XP level 8. HP: 46/63 MP: 7/7
  3936 | D:5      | Found a radiant altar of Vehumet.
  3939 | D:5      | Reached skill level 12 in Maces & Flails
  3942 | D:5      | Found a burning altar of Makhleb.
  4031 | D:5      | Found Cukorruniuth's Distillery.
  4135 | D:5      | Found a burning altar of Makhleb.
  4317 | D:5      | Noticed Menkaure
  4336 | D:5      | Reached **** piety under Trog
  4339 | D:5      | Killed Menkaure
  4568 | D:6      | Found a basalt altar of Yredelemnul.
  4579 | D:6      | Found Teuvy's Antique Weapon Boutique.
  4604 | D:6      | Reached skill level 5 in Fighting
  5396 | D:7      | Received a gift from Trog
  5458 | D:7      | Reached XP level 9. HP: 74/74 MP: 8/8
  5574 | D:7      | Found an opulent altar of Gozag.
  5613 | D:7      | Reached skill level 5 in Armour
  5687 | D:7      | Noticed a two-headed ogre
  5693 | D:7      | Reached skill level 5 in Dodging
  5705 | D:7      | Killed a two-headed ogre
  6210 | D:8      | Reached XP level 10. HP: 87/87 MP: 9/9
  6219 | D:8      | Reached ***** piety under Trog
  6874 | D:9      | Received a gift from Trog
  7674 | D:10     | Entered Level 10 of the Dungeon
  7725 | D:10     | Noticed Gastronok
  7771 | D:10     | Killed Gastronok
  7771 | D:10     | Reached skill level 10 in Fighting
  7781 | D:10     | Noticed Maurice
  7818 | D:10     | Killed Maurice
  7971 | D:10     | Noticed empire's ghost (journeyman MiFi)
  7986 | D:10     | Killed empire's ghost
  7986 | D:10     | Reached XP level 11. HP: 100/100 MP: 10/10
  8086 | D:10     | Noticed a two-headed ogre
  8099 | D:10     | Killed a two-headed ogre
  8099 | D:10     | Reached skill level 10 in Armour
  8111 | D:10     | Found a staircase to the Orcish Mines.
  8123 | Orc:1    | Entered Level 1 of the Orcish Mines
  8123 | Orc:1    | Found Kocit's General Store.
  8129 | Orc:1    | Found a burning altar of Makhleb.
  8797 | Orc:1    | Found a runed door.
  8898 | Orc:1    | Noticed an orc knight
  8927 | Orc:1    | Killed an orc knight
  8931 | Orc:1    | Reached skill level 10 in Dodging
  8975 | Orc:1    | Noticed an orange crystal statue
  8975 | Orc:1    | Noticed an orange crystal statue
  8975 | Orc:1    | Noticed an orange crystal statue
  8975 | Orc:1    | Noticed an orange crystal statue
  9201 | Orc:1    | Noticed an orc high priest
  9201 | Orc:1    | Found a runed door.
  9209 | Orc:1    | Lost intelligence.
  9211 | Orc:1    | HP: 1/101 [orc warrior/halberd[an orange crystal statue] (6)]
  9211 | Orc:1    | Slain by an orc warrior

Skill      XL: |  1  2  3  4  5  6  7  8  9 10 11 |
---------------+----------------------------------+-----
Maces & Flails | 4 5 6 7 8 10 11 12 | 12.0
Fighting       | 5 8 10 11 | 11.0
Armour         | 4 7 9 10 | 10.6
Dodging        | 4 7 9 10 | 10.0

Action                   |  1- 3 |  4- 6 |  7- 9 | 10-12 || total
-------------------------+-------+-------+-------+-------++-------
Melee: Mace              |    82 |    82 |   309 |   149 ||   622
       Headbutt          |    20 |    14 |    80 |    83 ||   197
       Flail             |       |       |       |   198 ||   198
Throw: Tomahawk          |       |       |     1 |       ||     1
Invok: Berserk           |       |     2 |     2 |     4 ||     8
       Burn Spellbooks   |       |       |       |     2 ||     2
  Use: Scroll            |       |     3 |     1 |     6 ||    10
       Potion            |       |     1 |       |       ||     1
  Eat: Chunk             |     2 |     4 |    15 |     9 ||    30
       Bread ration      |       |       |       |     1 ||     1
Armor: Animal skin       |     4 |       |       |       ||     4
       Chain mail        |    21 |    32 |   127 |    48 ||   228
       Plate armour      |       |       |       |    80 ||    80
Dodge: Dodged            |    34 |    16 |   106 |   141 ||   297
